 Dungeon Crawl Stone Soup version 0.25.1-2-g60ff931df9 (webtiles) character file.

Game seed: 13689655726398863189

122237 Ijustatesigmund the Severer (level 16, -3/151 HPs)
             Began as a Minotaur Fighter on Aug 18, 2020.
             Was the Champion of Cheibriados.
             Slain by a frost giant
             ... wielding a +1 battleaxe of freezing
              (7 damage)
             ... on level 15 of the Dungeon on Aug 19, 2020.
             The game lasted 01:02:16 (22495 turns).

Ijustatesigmund the Severer (Minotaur Fighter)     Turns: 22495, Time: 01:02:17

Health: -3/151     AC: 23    Str: 37    XL:     16   Next: 34%
Magic:  25/25      EV: 22    Int: 28    God:    Cheibriados [******]
Gold:   2127       SH: 20    Dex: 32    Spells: 11/15 levels left

rFire    . . .     SeeInvis .   a - +5 broad axe
rCold    . . .     Gourm    .   c - +1 kite shield
rNeg     . . .     Faith    .   H - +5 chain mail "Ewothreu" {rCorr Int+4 Dex-3}
rPois    .         Spirit   .   (helmet restricted)
rElec    .         Reflect  .   O - +2 cloak
rCorr    +         Harm     .   J - +2 pair of gloves {archery}
MR       +....     Rnd*Rage +   (no boots)
Stlth    ..........             s - amulet of regeneration
HPRegen  0.75/turn              j - +6 ring of dexterity
MPRegen  0.19/turn              Q - +4 ring of evasion

@: studying Evocations, very slow
A: retaliatory headbutt, horns 2, large bone plates 1, berserk 1, clever 1,
sense surroundings 1
a: Bend Time, Temporal Distortion, Slouch, Step From Time, Renounce Religion


You were on level 15 of the Dungeon.
You worshipped Cheibriados.
Cheibriados was exalted by your worship.
You were not hungry.

You visited 5 branches of the dungeon, and saw 25 of its levels.
You visited the Abyss 1 time.

You collected 2807 gold pieces.
You spent 680 gold pieces at shops.

Inventory:

Hand Weapons
 a - a +5 broad axe (weapon)
 D - a +0 morningstar
 K - the +14 obsidian axe {vorpal, +Fly SInv *Curse}
   (You acquired it on level 6 of the Lair of Beasts)

   It inflicts extra damage upon your enemies.
   It lets you see invisible.
   It lets you fly.
   It curses itself when equipped.
 N - a +1 broad axe
Armour
 c - a +1 kite shield (worn)
 H - the +5 chain mail "Ewothreu" (worn) {rCorr Int+4 Dex-3}
   (You found it on level 11 of the Dungeon)

   It affects your intelligence (+4).
   It affects your dexterity (-3).
   It provides partial protection from all sources of acid and corrosion.
 J - a +2 pair of gloves of archery (worn)
 O - a +2 cloak (worn)
Jewellery
 j - a +6 ring of dexterity (left hand)
 l - an uncursed ring of flight
 q - an uncursed amulet of the acrobat
 s - an amulet of regeneration (around neck)
 E - an uncursed ring of see invisible
 Q - a +4 ring of evasion (right hand)
 S - the ring of Midsummer {Fire MR++ Int-5 Dex+3}
   (You found it on level 3 of the Lair of Beasts)

   [ring of fire]

   It enhances your fire magic.
   It affects your intelligence (-5).
   It affects your dexterity (+3).
   It protects you from fire.
   It makes you vulnerable to cold.
   It affects your resistance to hostile enchantments.
 T - a +6 ring of strength {unknown}
Wands
 p - a wand of iceblast (27)
 w - a wand of polymorph (22)
 z - a wand of disintegration (22)
 B - a wand of flame (31)
 C - a wand of acid (6)
 G - a wand of paralysis (14)
Scrolls
 b - a scroll of silence
 k - 2 scrolls of summoning
 m - 17 scrolls of remove curse
 t - 3 scrolls of fog
 u - 6 scrolls of fear
 v - 3 scrolls of amnesia
 x - 8 scrolls of identify
 y - 6 scrolls of teleportation
 F - 2 scrolls of magic mapping
 M - a scroll of holy word
Potions
 d - 3 potions of might
 e - 6 potions of lignification
 g - 3 potions of brilliance
 h - 8 potions of heal wounds
 i - a potion of resistance
 n - 9 potions of curing
 o - 6 potions of flight
 r - 5 potions of stabbing
 A - 3 potions of cancellation
 L - 3 potions of magic
 P - a potion of mutation
Books
 U - a manual of Evocations
Miscellaneous
 I - a phantom mirror
Comestibles
 f - 42 rations


   Skills:
 - Level 16.0 Fighting
 + Level 16.1 Axes
 - Level 10.0 Armour
 - Level 9.2 Dodging
 - Level 9.0 Shields
 - Level 8.8 Translocations
 + Level 13.8 Invocations
 + Level 6.2 Evocations


You had 11 spell levels left.
You knew the following spells:

 Your Spells              Type           Power        Failure   Level  Hunger
a - Magic Dart            Conj           #...         58%         1    ##.....
b - Blink                 Tloc           N/A          3%          2    ###....
c - Apportation           Tloc           #####.       1%          1    ##.....

Your spell library contained the following spells:

 Spells                   Type           Power        Failure   Level  Hunger
 Gell's Gravitas          Tloc           #####.....   6%          3    ####...
 Lesser Beckoning         Tloc           #####.....   6%          3    ####...
 Recall                   Summ/Tloc      N/A          36%         3    ####...
 Animate Skeleton         Necr           N/A          58%         1    ##.....
 Corona                   Hex            #......      58%         1    ##.....
 Sandblast                Erth           #.....       58%         1    ##.....
 Summon Butterflies       Summ           #.......     58%         1    ##.....
 Summon Small Mammal      Summ           #...         58%         1    ##.....
 Call Imp                 Summ           #.......     73%         2    ###....
 Corpse Rot               Necr/Air       N/A          73%         2    ###....
 Passwall                 Tmut/Erth      #.......     73%         2    ###....
 Slow                     Hex            #.......     73%         2    ###....
 Call Canine Familiar     Summ           #.......     91%         3    ####...
 Confusing Touch          Hex            #.......     91%         3    ####...
 Conjure Flame            Conj/Fire      #.......     91%         3    ####...
 Mephitic Cloud           Conj/Pois/Air  #.......     91%         3    ####...
 Stone Arrow              Conj/Erth      #.....       91%         3    ####...
 Tukima's Dance           Hex            #.......     91%         3    ####...
 Summon Forest            Summ/Tloc      ###.......   98%         5    ######.
 Animate Dead             Necr           N/A          100%        4    #####..
 Cause Fear               Hex            #.........   100%        4    #####..
 Petrify                  Tmut/Erth      #.......     100%        4    #####..
 Summon Ice Beast         Ice/Summ       #.......     100%        4    #####..
 Alistair's Intoxication  Tmut/Pois      #.......     100%        5    ######.
 Borgnjor's Vile Clutch   Necr/Erth      #.........   100%        5    ######.
 Lee's Rapid Deconstruct  Erth           #.........   100%        5    ######.
 Metabolic Englaciation   Hex/Ice        #.........   100%        5    ######.
 Silence                  Hex/Air        #.........   100%        5    ######.
 Summon Mana Viper        Hex/Summ       #.......     100%        5    ######.
 Yara's Violent Unravell  Hex/Tmut       #.........   100%        5    ######.
 Death Channel            Necr           #.........   100%        6    #######
 Eringya's Noxious Bog    Tmut/Pois      #.........   100%        6    #######
 Hydra Form               Tmut           #.........   100%        6    #######
 Invisibility             Hex            #.......     100%        6    #######
 Simulacrum               Ice/Necr       #.........   100%        6    #######
 Summon Hydra             Summ           #.........   100%        7    #######
 Discord                  Hex            #.........   100%        8    #######


Dungeon Overview and Level Annotations

Branches:
Dungeon (15/15)            Temple (1/1) D:5            Lair (6/6) D:10
 Shoals (0/4) Lair:2        Snake (0/4) Lair:2        Slime (0/5) Lair:5
    Orc (2/2) D:12            Elf (0/3) Orc:2        Vaults (0/5) D:13
 Depths (1/5) D:15

Altars:
Ashenzari
Cheibriados
Dithmenos
Elyvilon
Fedhas
Gozag
Hepliaklqana
Kikubaaqudgha
Makhleb
Nemelex Xobeh
Okawaru
Qazlal
Ru
Sif Muna
Trog
Uskayaw
Vehumet
Wu Jian
Xom
Yredelemnul
Zin
The Shining One
Beogh

Shops:
D:12 *   Orc:2 (=%:


Innate Abilities, Weirdness & Mutations

You reflexively headbutt those who attack you in melee.
You have a pair of horns on your head.
You are partially covered in large bone plates. (SH +4)
You tend to lose your temper in combat.
Your mind is acute. (Int +2)
You passively map a small area around you.


Message History

You slice the frost giant!! You headbutt the frost giant!
The frost giant is severely wounded.
The frost giant casts a spell at you. The bolt of cold hits you!!!
* * * LOW HITPOINT WARNING * * *
You are too injured to fight recklessly!
You are too injured to fight recklessly!
You are too injured to fight recklessly!
You are too injured to fight recklessly!
You hit the frost giant.
The frost giant is severely wounded.
You slash the frost giant! You headbutt the frost giant.
The frost giant is almost dead.
The frost giant barely misses you.
You hit the frost giant but do no damage.
The frost giant is almost dead.
The frost giant hits you with a +1 battleaxe of freezing!!
* * * LOW HITPOINT WARNING * * *
The frost giant freezes you!
You die...

..#....## ##..# ##..<###
#.##....## #..## ##..##
#.###....###...## ###...##
..#.............###......##
................[.........##
....######.................##
..### ###.....###......#.###
..# ####...### ###....##..###
..#######....###@##
##....##...#
.............##).C##
##...##..##
............##..#..#
##....###
.....##.....##..#..# #..###
########.[[###..#..#######.#
.####.......##..#..#....#..#
............##..#..#.......#
..........[..##...##..###..#
...........)[###[##..## #..#


You could see a frost giant.

Vanquished Creatures
  2 tentacled starspawn (Abyss:3)
  Kirke (D:14)
  An ironheart preserver (D:13)
  A vampire knight (D:15)
  Snorg (Lair:4)
  A fire dragon (D:15)
  Josephine (D:12)
  Fannar (Lair:2)
  The ghost of Dikli the Blocker, a journeyman MiBe of Trog (Lair:3)
  2 ice dragons
  8 hydras
  A shambling mangrove (Lair:5)
  5 centaur warriors
  A death knight (D:14)
  9 two-headed ogres
  A queen ant (D:11)
  A vampire mage (Abyss:3)
  2 thrashing horrors (Abyss:3)
  Urug (Lair:2)
  3 hell hogs (Abyss:3)
  4 orc high priests
  Nergalle (Lair:3)
  A wretched star (Abyss:3)
  3 unseen horrors
  A glowing orange brain (Abyss:3)
  A wizard (D:15)
  3 lindwurms
  2 wolf spider zombies
  Pikel (D:3)
  6 orc knights
  4 oklob plants
  5 orc sorcerers
  6 ugly things
  5 manticores
  2 deep elf magi
  4 cyclopes
  Maurice (Orc:1)
  7 black mambas
  8 elephants
  An apocalypse crab (Abyss:3)
  Psyche (D:9)
  A smoke demon (Abyss:3)
  A gargoyle (D:11)
  15 spiny frogs
  A torpor snail (Lair:6)
  3 rime drakes (Lair:3)
  7 komodo dragons
  2 freezing wraiths
  A yaktaur (Depths:1)
  2 kobold demonologists (D:14)
  2 efreet
  A tengu conjurer (D:11)
  3 meliai (D:15)
  A polar bear (shapeshifter) (D:14)
  4 red devils (D:13)
  9 trolls
  15 polar bears
  6 hornets
  15 slime creatures
  23 blink frogs
  10 hippogriffs
  A snapping turtle (Lair:2)
  2 raiju (Lair:6)
  A vampire (D:13)
  6 hogs (D:14)
  25 yaks
  6 wraiths
  4 basilisks
  5 wyverns
  9 vampire mosquitoes
  A neqoxec (Abyss:3)
  3 large abominations (Abyss:3)
  3 wargs (Lair:6)
  3 acid dragons
  4 soldier ants (D:11)
  10 hell hounds (Lair:6)
  A hydra simulacrum (Lair:3)
  26 water moccasins
  A water moccasin (shapeshifter) (D:14)
  10 porcupines
  6 sky beasts
  40 orc warriors
  18 black bears
  8 ogres
  2 black mamba simulacra (Lair:3)
  2 ice beasts
  An eye of draining (D:15)
  4 phantoms
  11 wolves
  12 centaurs
  A boggart (D:11)
  20 crocodiles
  A big kobold (shapeshifter) (D:15)
  5 big kobolds
  22 bullfrogs
  A wyvern skeleton (D:11)
  5 scorpions
  12 killer bees
  9 wights
  8 howler monkeys
  An electric eel (Lair:2)
  8 crimson imps
  2 centaur zombies
  A small abomination (Abyss:3)
  2 lava snakes (D:10)
  5 bullfrog zombies
  A hippogriff simulacrum (Lair:3)
  5 hounds
  A gnoll shaman (D:7)
  A komodo dragon simulacrum (Lair:3)
  2 bullfrog skeletons
  An iron imp (Abyss:3)
  3 jellies
  21 orc priests
  7 centaur skeletons
  27 orc wizards
  A yak simulacrum (Lair:3)
  3 iguanas
  34 worker ants
  A killer bee zombie (D:9)
  A basilisk simulacrum (Lair:3)
  A hound skeleton (D:8)
  A mummy (D:6)
  A worker ant zombie (D:11)
  11 gnolls
  A howler monkey skeleton (D:11)
  16 adders
  6 shadow imps
  An ooze (D:5)
  2 adder zombies (D:5)
  2 worms
  3 dart slugs
  4 leopard geckos
  100 orcs
  5 giant cockroaches
  11 goblins
  14 hobgoblins
  5 jackals
  6 quokkas
  2 ball pythons
  10 bats
  4 frilled lizards
  A jackal zombie (D:5)
  22 kobolds
  2 quokka skeletons
  9 rats
  6 fungi
  8 plants
  2 starspawn tentacles (Abyss:3)
926 creatures vanquished.

Vanquished Creatures (collateral kills)
  A hydra (Lair:6)
  2 polar bears (Lair:6)
  2 raiju (Lair:6)
  A warg (Lair:6)
  3 hell hounds (Lair:6)
  3 black bears (Lair:6)
  6 wolves (Lair:6)
  A plant (Lair:6)
19 creatures vanquished.

Vanquished Creatures (others)
  A hell hog (Abyss:3)
  A slave (D:4)
  A hound (D:4)
  An orc priest (D:4)
  A worker ant (D:4)
  A howler monkey skeleton (D:4)
  An adder (D:4)
  2 orcs (D:4)
  37 fungi
  22 plants
68 creatures vanquished.

Grand Total: 1013 creatures vanquished

Notes
Turn   | Place    | Note
-------+----------+-------------------------------------------
     0 | D:1      | Ijustatesigmund the Minotaur Fighter began the quest for
                  | the Orb.
     0 | D:1      | Reached XP level 1. HP: 19/19 MP: 0/0
     6 | D:1      | Noticed a water moccasin
     6 | D:1      | Noticed a hog
     6 | D:1      | Noticed a polar bear
     6 | D:1      | Noticed a wyvern
   129 | D:1      | Reached XP level 2. HP: 26/27 MP: 1/1
   451 | D:1      | Reached XP level 3. HP: 31/33 MP: 2/2
  1697 | D:3      | Reached XP level 4. HP: 37/41 MP: 3/3
  1762 | D:3      | Noticed a water moccasin
  1779 | D:3      | Killed a water moccasin
  1779 | D:3      | Reached skill level 5 in Fighting
  1779 | D:3      | Reached skill level 5 in Axes
  1779 | D:3      | Reached XP level 5. HP: 30/48 MP: 4/4
  2613 | D:4      | Noticed a slave
  2613 | D:4      | Noticed a slave
  2614 | D:4      | Noticed Pikel
  2614 | D:4      | Noticed a slave
  2637 | D:3      | Killed Pikel
  2637 | D:3      | Reached XP level 6. HP: 46/58 MP: 5/5
  2637 | D:3      | Reached XP level 7. HP: 51/64 MP: 6/6
  3276 | D:4      | Found a burning altar of Makhleb.
  3354 | D:4      | Reached skill level 1 in Dodging
  3757 | D:5      | Entered Level 5 of the Dungeon
  3952 | D:5      | Reached XP level 8. HP: 48/73 MP: 7/7
  4189 | D:5      | Found a glowing golden altar of the Shining One.
  4189 | D:5      | Found a shimmering altar of Xom.
  4225 | D:5      | Found a staircase to the Ecumenical Temple.
  4234 | Temple   | Entered the Ecumenical Temple
  4417 | D:5      | Found a shattered altar of Ashenzari.
  4742 | D:6      | Found a snail-covered altar of Cheibriados.
  4753 | D:6      | Reached skill level 5 in Shields
  4757 | D:6      | Reached skill level 5 in Armour
  4844 | D:6      | Became a worshipper of Cheibriados the Contemplative
  4945 | D:6      | Reached skill level 1 in Invocations
  5223 | D:6      | Gained mutation: You tend to lose your temper in combat.
                  | [potion of mutation]
  5223 | D:6      | Gained mutation: You are partially covered in large bone
                  | plates. (SH +4) [potion of mutation]
  5223 | D:6      | Gained mutation: You passively map a small area around you.
                  | [potion of mutation]
  5223 | D:6      | Gained mutation: Your mind is acute. (Int +2) [potion of
                  | mutation]
  5227 | D:6      | Found a shimmering blue altar of Sif Muna.
  5370 | D:7      | Reached * piety under Cheibriados
  5541 | D:7      | Noticed a hippogriff
  5548 | D:7      | Killed a hippogriff
  5767 | D:8      | Reached XP level 9. HP: 82/82 MP: 10/10
  5839 | D:8      | Reached skill level 10 in Axes
  6081 | D:8      | Noticed a two-headed ogre
  6093 | D:8      | Killed a two-headed ogre
  6183 | D:8      | Reached skill level 5 in Invocations
  6347 | D:8      | Reached ** piety under Cheibriados
  6347 | D:8      | Reached skill level 10 in Fighting
  6596 | D:8      | Reached XP level 10. HP: 93/93 MP: 13/13
  6951 | D:9      | Found an ancient bone altar of Kikubaaqudgha.
  7002 | D:9      | Noticed Psyche
  7010 | D:9      | Killed Psyche
  7195 | D:9      | Reached *** piety under Cheibriados
  7637 | D:10     | Entered Level 10 of the Dungeon
  7661 | D:10     | Killed an unseen horror
  7846 | D:10     | Noticed a centaur warrior
  7855 | D:10     | Killed a centaur warrior
  7860 | D:10     | Reached **** piety under Cheibriados
  7865 | D:10     | Reached XP level 11. HP: 104/104 MP: 15/15
  7989 | D:10     | Found a staircase to the Lair.
  7989 | D:10     | Noticed a two-headed ogre
  7996 | D:10     | Killed a two-headed ogre
  7996 | D:10     | Reached skill level 10 in Armour
  8364 | D:11     | Reached ***** piety under Cheibriados
  8517 | D:11     | Noticed a white ugly thing
  8520 | D:11     | Identified the +6 scimitar "Votse" {venom, +Rage rC++ Str+4
                  | Dex+2}
  8612 | D:11     | Noticed a white ugly thing
  8613 | D:11     | Got a distressingly furry chain mail
  8617 | D:11     | Noticed a white ugly thing
  8618 | D:11     | Killed a white ugly thing
  8624 | D:11     | Killed a white ugly thing
  8624 | D:11     | Reached skill level 5 in Dodging
  8684 | D:11     | Identified the +5 chain mail "Ewothreu" {rCorr Int+4 Dex-3}
                  | (You found it on level 11 of the Dungeon)
  8817 | D:11     | Noticed a two-headed ogre
  8828 | D:11     | Killed a two-headed ogre
  8944 | D:11     | Noticed a two-headed ogre
  8957 | D:11     | Killed a two-headed ogre
  9263 | D:11     | Reached XP level 12. HP: 85/115 MP: 18/18
  9280 | D:11     | Noticed a queen ant
  9288 | D:11     | Killed a queen ant
  9290 | D:11     | Noticed a two-headed ogre
  9291 | D:11     | Reached ****** piety under Cheibriados
  9301 | D:11     | Killed a two-headed ogre
  9670 | D:12     | Noticed Josephine
  9680 | D:12     | Killed Josephine
  9680 | D:12     | Reached skill level 10 in Invocations
  9919 | D:12     | Found a staircase to the Orcish Mines.
 10067 | D:12     | Noticed a two-headed ogre
 10071 | D:12     | Killed a two-headed ogre
 10108 | D:12     | Noticed a two-headed ogre
 10120 | D:12     | Killed a two-headed ogre
 10329 | D:12     | Found Miuxko's Hallowed Reliquary.
 10330 | D:12     | Found a glowing golden altar of the Shining One.
 10330 | D:12     | Noticed an angel
 10333 | D:12     | Bought a scroll of holy word for 127 gold pieces
 10333 | D:12     | Bought a potion of heal wounds for 85 gold pieces
 10632 | D:13     | Reached XP level 13. HP: 124/124 MP: 20/20
 11043 | D:13     | Found a roughly hewn altar of Beogh.
 11539 | D:13     | Found a gate to the Vaults.
 11539 | D:13     | Noticed an ironheart preserver
 11547 | D:13     | Killed an ironheart preserver
 11830 | D:14     | Reached skill level 15 in Fighting
 12202 | D:14     | Noticed Kirke
 12209 | D:14     | You fall into a shaft and drop 1 floor!
 12209 | D:15     | Entered Level 15 of the Dungeon
 12391 | D:15     | Learned a level 1 spell: Magic Dart
 12394 | D:15     | Learned a level 2 spell: Blink
 12457 | D:15     | Reached XP level 14. HP: 135/135 MP: 21/21
 12658 | D:15     | Reached skill level 1 in Translocations
 13557 | D:14     | Noticed a sphinx
 13560 | D:14     | Killed Kirke
 13960 | D:15     | Found a staircase to the Depths.
 14163 | Orc:1    | Entered Level 1 of the Orcish Mines
 14239 | Orc:1    | Found a bloodstained altar of Trog.
 14295 | Orc:1    | Found a roughly hewn altar of Beogh.
 14404 | Orc:2    | Entered Level 2 of the Orcish Mines
 14556 | Orc:1    | Noticed Maurice
 14568 | Orc:1    | Killed Maurice
 15214 | Orc:2    | Found a staircase to the Elven Halls.
 15887 | Orc:2    | Found Nabbu's Antique Weapon Shop.
 15887 | Orc:2    | Found Ichoisor's Book Shoppe.
 15889 | Orc:2    | Found Pobbex's Food Shoppe.
 15889 | Orc:2    | Found Buonn's Jewellery Shop.
 15902 | Orc:2    | Bought a +4 ring of evasion for 468 gold pieces
 16067 | Lair:1   | Entered Level 1 of the Lair of Beasts
 16079 | Lair:1   | Found a gate leading to a gauntlet.
 16168 | Lair:1   | Identified the cursed +0 ring mail of Tentacled Life {+Inv
                  | rElec rCorr Int+2} (You found it on level 1 of the Lair of
                  | Beasts)
 16393 | Lair:1   | Learned a level 1 spell: Apportation
 16810 | Lair:2   | Noticed Fannar
 16878 | Lair:2   | Killed Fannar
 17107 | Lair:2   | Found a staircase to the Shoals.
 17211 | Lair:2   | Reached XP level 15. HP: 128/144 MP: 23/23
 17237 | Lair:2   | Found a staircase to the Snake Pit.
 17284 | Lair:2   | Reached skill level 5 in Translocations
 17570 | Lair:2   | Noticed Urug
 17583 | Lair:2   | Killed Urug
 17920 | Lair:3   | Found a runed translucent gate.
 17920 | Lair:3   | Found a runed translucent gate.
 17920 | Lair:3   | Found a runed translucent gate.
 18010 | Lair:3   | Noticed Nergalle
 18017 | Lair:3   | Killed Nergalle
 18139 | Lair:3   | Noticed Dikli's ghost (journeyman MiBe)
 18465 | Lair:3   | Cast into level 3 of the Abyss (Dikli's ghost)
 18831 | Abyss:3  | Noticed a tentacled starspawn
 18836 | Abyss:3  | Killed a tentacled starspawn
 18923 | Abyss:3  | Noticed a tentacled starspawn
 18931 | Abyss:3  | Killed a tentacled starspawn
 18933 | Lair:3   | Escaped the Abyss
 18941 | Lair:3   | Killed Dikli's ghost
 18972 | Lair:3   | Got the ring of Midsummer {Fire}
 18974 | Lair:3   | Identified the ring of Midsummer {Fire MR++ Int-5 Dex+3}
                  | (You found it on level 3 of the Lair of Beasts)
 19271 | Lair:4   | Reached skill level 15 in Axes
 19378 | Lair:4   | Noticed Snorg
 19383 | Lair:4   | Killed Snorg
 20169 | Lair:5   | Reached skill level 1 in Evocations
 20632 | Lair:5   | You fall into a shaft and drop 1 floor!
 20632 | Lair:6   | Entered Level 6 of the Lair of Beasts
 20964 | Lair:5   | Paralysed by a hornet for 3 turns
 20970 | Lair:5   | Reached XP level 16. HP: 39/151 MP: 23/25
 21133 | Lair:5   | Found a staircase to the Slime Pits.
 21249 | Lair:6   | Identified a scroll of acquirement
 21249 | Lair:6   | Acquired the +14 obsidian axe {vorpal, +Fly SInv *Curse}
 21250 | Lair:6   | Found the +14 obsidian axe {vorpal, +Fly SInv *Curse}
 21575 | Lair:6   | Reached skill level 5 in Evocations
 22471 | Depths:1 | Entered Level 1 of the Depths
 22495 | D:15     | HP: 4/151 [frost giant/+1 battleaxe of freezing (34)]
 22495 | D:15     | Slain by a frost giant

Illustrated notes

Levels and vault maps discovered:
D:1:      onia_arrival_zoo_common, layout_loops_ring
D:2:      layout_basic
D:3:      layout_loops_cross, first_ration, dk_vineyard_1, minmay_cupped
D:4:      layout_gridville, makhleb_heckhound_becter, uniq_pikel
D:5:      layout_basic, nicolae_overflow_hidden_temple,
          gammafunk_temple_overflow_wave, minmay_temple_entry_fiery
D:6:      layout_rooms, overflow_temple_1_default, slow_altar_1
D:7:      layout_basic
D:8:      layout_loops_corners, st_stairs_14, grunt_ogre_cave,
          minmay_misc_feat_diagonals
D:9:      layout_gridville, kennysheep_mini, uniq_psyche
D:10:     layout_loops_cross, due_lair_maze_entry_diamond, kennysheep_crisscross
D:11:     minmay_the_grid_square_5x5_3x3 [minmay_the_grid_square_5x5_forky,
          minmay_the_grid_square_5x5_comb,
          minmay_the_grid_square_5x5_pentomino_r,
          minmay_the_grid_square_5x5_minivault,
          minmay_the_grid_square_5x5_megaprize_open,
          minmay_the_grid_square_5x5_misaligned,
          minmay_the_grid_square_5x5_n_small,
          minmay_the_grid_square_5x5_longway,
          minmay_the_grid_square_5x5_bridge], layout_gridville,
          zaba_antful_of_joy
D:12:     layout_long_grid, orc_0_dummy, nrook_mini_backslash,
          nicolae_good_shop, uniq_josephine
D:13:     layout_roguey [special_room_orc], skrybe_vaults_entry_preservation,
          einodemon_armed_red_devil_minivault
D:14:     layout_roguey, kennysheep_cluttered_room, kb_rosetta, uniq_kirke
D:15:     grunt_enter_depths_hoard, layout_layer_cave, dk_noncrumbling_3
Temple:   compressed_dpeg_circular_temple
Lair:1:   layout_gridlike, gauntlet_entry_generic, grunt_megastairs_2
Lair:2:   beast_lair_carwin_large_4, layout_gridlike, minmay_shoals_entry_hut,
          minmay_snake_entry_six_corridors, serial_bayou_shore_b, uniq_urug,
          uniq_fannar
Lair:3:   layout_concentric_octagons, gammafunk_ghost_icy,
          minmay_lair_oklob_chamber, infiniplex_staircase_pool,
          grunt_megastairs_5, serial_bayou_shore_b, uniq_nergalle
Lair:4:   cheibrodos_lair_overgrown_chateau, layout_hall_layers,
          grunt_megastairs_4, uniq_snorg
Lair:5:   layout_cave_pods, minmay_slime_entry_oklob_open
Lair:6:   hangedman_lair_caniforms_friends, layout_gridlike,
          serial_bayou_shore_b
Orc:1:    layout_caves, basic_altar, bh_open_orc_temple, uniq_maurice
Orc:2:    grunt_orc_tribal_feast, layout_diamond_mine
Depths:1: layout_gridville, chequers_serial_rivers_micro_e,
          grunt_hell_entry_dis_mu, kennysheep_generic_room_11, minmay_shop_star

Skill      XL: |  1  2  3  4  5  6  7  8  9 10 11 12 13 14 15 16 |
---------------+-------------------------------------------------+-----
Axes           | 3 4 5 8 9 10 11 12 13 14 15 16 | 16.1
Fighting       | 4 5 6 7 8 10 11 13 14 15 16 | 16.0
Dodging        | 2 3 5 8 9 |  9.2
Shields        | 4 5 7 9 |  9.0
Armour         | 4 5 7 9 10 | 10.0
Invocations    | 2 5 7 9 10 11 12 13 | 13.8
Translocations | 4 8 |  8.8
Evocations     | 3 6 |  6.2

Action                   |  1- 3 |  4- 6 |  7- 9 | 10-12 | 13-15 | 16-18 || total
-------------------------+-------+-------+-------+-------+-------+-------++-------
Melee: War axe           |    88 |    61 |   264 |   437 |       |       ||   850
       Headbutt          |    12 |    18 |    68 |   187 |   345 |    57 ||   687
       Broad axe         |       |       |       |    53 |   928 |   145 ||  1126
       Unarmed           |       |       |       |       |    27 |       ||    27
       Morningstar       |       |       |       |       |    29 |     8 ||    37
 Cast: Apportation       |       |       |       |       |     1 |       ||     1
Invok: Slouch            |       |       |       |     2 |     4 |     1 ||     7
Evoke: Wand              |       |       |       |     3 |    14 |     8 ||    25
  Use: Scroll            |     8 |     3 |    10 |     4 |    10 |     2 ||    37
       Potion            |       |     2 |     1 |       |     1 |       ||     4
 Stab: Distracted        |       |       |       |       |     1 |     1 ||     2
  Eat: Chunk             |     3 |     3 |    11 |     8 |    17 |       ||    42
       Ration            |       |       |       |       |     1 |     1 ||     2
Armor: Scale mail        |    36 |    19 |    41 |       |       |       ||    96
       Plate armour      |       |       |    64 |   144 |       |       ||   208
       Chain mail        |       |       |       |    49 |   238 |    26 ||   313
Dodge: Dodged            |    35 |    24 |    70 |   146 |   525 |   112 ||   912
Block: Kite shield       |    62 |    34 |   209 |   475 |  1048 |   174 ||  2002
